 Dungeon Crawl Stone Soup version 0.29.0-7-g18a832c13a (webtiles) character file.

Game seed: 5331745901548226886

790 darknessisbestgirl the Fighter (level 7, -1/65 (68) HPs)
             Began as a Minotaur Fighter on Aug 31, 2022.
             Was a Follower of Okawaru.
             Killed by divine providence
             ... invoked by an orc priest
              (12 damage)
             ... on level 5 of the Dungeon.
             The game lasted 00:13:11 (4415 turns).

darknessisbestgirl the Fighter (Minotaur Fighter)   Turns: 4415, Time: 00:13:12

HP:   -1/65 (68)    AC:  8    Str: 23    XL:     7   Next: 57%
MP:   6/6           EV: 13    Int:  5    God:    Okawaru [*.....]
Gold: 190           SH:  4    Dex:  9    Spells: 6/6 levels left

rFire   . . .      SeeInvis .   a - +0 war axe
rCold   + . .      Faith    .   c - +0 buckler
rNeg    . . .      Spirit   .   b - +0 scale mail
rPois   .          Reflect  .   (helmet restricted)
rElec   .          Harm     .   (no cloak)
rCorr   .          Rampage  .   s - +0 pair of gloves
Will    .....                   (no boots)
Stlth   ..........              (no amulet)
HPRegen 0.20/turn               j - ring of protection from cold
MPRegen 0.10/turn               k - +4 ring of evasion

@: mighty, lightly drained
A: horns 2, retaliatory headbutt
a: Renounce Religion, Heroism


You were on level 5 of the Dungeon.
You worshipped Okawaru.
Okawaru was aware of your devotion.
You visited 1 branch of the dungeon, and saw 5 of its levels.

You collected 190 gold pieces.

Inventory:

Hand Weapons
 a - a +0 war axe (weapon)
Armour
 b - a +0 scale mail (worn)
 c - a +0 buckler (worn)
 s - a +0 pair of gloves (worn)
Jewellery
 j - a ring of protection from cold (left hand)
 k - a +4 ring of evasion (right hand)
 o - a +6 ring of dexterity
 v - a +6 ring of intelligence
 w - a ring of protection from fire
Wands
 x - a wand of paralysis (5)
Scrolls
 m - a scroll of noise
 n - a scroll of vulnerability
 t - a scroll of enchant armour
 u - 2 scrolls of amnesia {unknown}
Potions
 d - 4 potions of might
 e - a potion of magic
 f - a potion of resistance {unknown}
 g - 4 potions of flight
 h - a potion of curing
 i - a potion of ambrosia
 l - 3 potions of degeneration {unknown}
 p - 2 potions of berserk rage {unknown}
 q - 2 potions of heal wounds {unknown}
 r - a potion of lignification {unknown}


   Skills:
 + Level 8.0 Fighting
 + Level 7.5 Axes
 - Level 3.8 Armour
 - Level 3.8 Shields


You had 6 spell levels left.
You didn't know any spells.
Your spell library contained the following spells:

 Spells                   Type           Power      Damage    Failure   Level
 Static Discharge         Conj/Air       0%         3-3/arc   95%         2
 Lightning Bolt           Conj/Air       0%         1d11      100%        5
 Maxwell's Capacitive Co  Air            0%         ∞         100%        8


Dungeon Overview and Level Annotations

Branches:
Dungeon (5/15)             Temple (0/1) D:4

Altars:
Okawaru


Innate Abilities, Weirdness & Mutations

You have a pair of horns on your head.
You reflexively headbutt those who attack you in melee.


Message History

The necrophage hits you.
You feel drained.
Things that are here:
a +0 whip; a gnoll corpse You slash the iguana!
Your headbutt misses the iguana.
The iguana is severely wounded.
You slash the ufetubus!
You kill the ufetubus!
Okawaru accepts your kill.
You closely miss the necrophage. The iguana closely misses you.
The necrophage hits you.
You feel drained.
You closely miss the iguana. Your headbutt misses the iguana.
The iguana is severely wounded.
You barely miss the necrophage.
The iguana bites you but does no damage.
The necrophage hits you but does no damage.
You barely miss the iguana.
The iguana is severely wounded.
You barely miss the necrophage.
An orc wizard comes into view. It is wielding a +0 dagger.
The iguana barely misses you. The necrophage hits you.
You slash the iguana!
You kill the iguana!
Okawaru accepts your kill.
You slash the necrophage!
An orc priest comes into view. It is wielding a +0 flail.
The necrophage hits you.
* * * LOW HITPOINT WARNING * * *
You feel drained. You block the necrophage's attack.
You feel better. The necrophage closely misses you.
You slash the necrophage! You headbutt the necrophage.
You destroy the necrophage!
Okawaru accepts your kill.
The orc priest invokes the aid of Beogh against you.
Beogh smites you!
* * * LOW HITPOINT WARNING * * *
Your Fighting skill increases to level 8!
You feel better. The orc wizard barely misses you.
The orc priest calls down the wrath of Beogh upon you.
Beogh smites you!
You die...

#.# #.# #.# . #..
.. #######.# ###..
....)...# ...
#....$)#####.#
#....).<..)o.######
#....))@o))).......
#....?..####.######
#.##.##.# ..# # #.
#.# #.# ## ### ..
#.. .## .#


You could see an orc priest and an orc wizard.

Vanquished Creatures
  A black bear (D:4)
  A necrophage (D:5)
  A scorpion (D:4)
  A howler monkey (D:4)
  2 hounds (D:5)
  2 iguanas
  Jessica (D:3)
  A gnoll bouda (D:5)
  3 orc wizards (D:4)
  13 gnolls
  8 adders
  2 ufetubi
  A worm (D:3)
  3 dart slugs
  9 orcs
  3 ball pythons
  4 bats
  4 endoplasms
  3 giant cockroaches
  7 goblins
  7 hobgoblins
  7 jackals
  7 kobolds
  2 quokkas (D:4)
  2 frilled lizards (D:1)
  4 rats
99 creatures vanquished.

Notes
Turn   | Place    | Note
-------+----------+-------------------------------------------
     0 | D:1      | darknessisbestgirl the Minotaur Fighter began the quest for
                  | the Orb.
     0 | D:1      | Reached XP level 1. HP: 19/19 MP: 0/0
   429 | D:1      | Reached XP level 2. HP: 27/27 MP: 1/1
   891 | D:2      | Reached skill level 4 in Fighting
   934 | D:2      | You fall into a shaft and drop 1 floor!
  1015 | D:2      | Reached XP level 3. HP: 33/33 MP: 2/2
  1761 | D:3      | Reached XP level 4. HP: 41/41 MP: 3/3
  1769 | D:3      | Noticed Jessica
  1772 | D:3      | Killed Jessica
  1773 | D:3      | Reached skill level 5 in Fighting
  2452 | D:3      | Reached XP level 5. HP: 43/48 MP: 4/4
  2533 | D:3      | Found an iron altar of Okawaru.
  2564 | D:3      | Became a worshipper of Warmaster Okawaru
  2764 | D:4      | Reached skill level 5 in Axes
  3175 | D:4      | Reached skill level 6 in Fighting
  3175 | D:4      | Reached XP level 6. HP: 57/57 MP: 5/5
  3304 | D:4      | Found a staircase to the Ecumenical Temple.
  3611 | D:4      | Reached skill level 7 in Fighting
  3700 | D:4      | Identified the +4 dagger of Vajein {protect, rC- Int+3
                  | Dex+3}
  3736 | D:4      | Reached XP level 7. HP: 63/66 MP: 6/6
  3939 | D:4      | Reached * piety under Okawaru
  4374 | D:5      | Entered Level 5 of the Dungeon
  4415 | D:5      | Reached skill level 8 in Fighting
  4415 | D:5      | Killed from afar by an orc priest

Illustrated notes

Levels and vault maps discovered:
D:1:      dpeg_arrival_rooms_c, layout_basic
D:2:      layout_loops_ring, chequers_serial_rivers_small_3
D:3:      layout_loops_ring, okawaru_altar_gauntlet_db, uniq_jessica
D:4:      layout_loops_corners, minmay_temple_entry_junction
D:5:      layout_loops_ring, uniq_duvessa, uniq_crazy_yiuf_cottage

Skill      XL: |  1  2  3  4  5  6  7 |
---------------+----------------------+-----
Fighting       | 4 5 6 7 8 |  8.0
Axes           | 3 4 5 6 7 |  7.5
Armour         | |  3.8
Shields        | |  3.8

Action                   |  1- 3 |  4- 6 |  7- 9 || total
-------------------------+-------+-------+-------++-------
Melee: War axe           |    44 |   141 |    31 ||   216
       Headbutt          |     4 |    23 |     5 ||    32
  Use: Scroll            |     4 |     4 |       ||     8
       Potion            |       |       |     3 ||     3
Armor: Scale mail        |    24 |    67 |    16 ||   107
Dodge: Dodged            |    37 |    88 |    28 ||   153
Block: Buckler           |     8 |    25 |     9 ||    42
